AoeStats
← xXMotherHunter96Xx

Fortress

508934184Analyzed
2v2 RM · 6d ago on Sep 24, 2026· 47m 36s· 4 players
Game mode
Random Map
Map size
Normal (6 player)
Population
200
Speed
Normal
Resources
Standard
Victory
Conquest
Starting age
Dark Age
Ending age
Imperial Age
RankedLock teamsTeams togetherTeam positionsShared explorationLock speedFull tech treeHidden civsTurbo modeCheats
Victory
Defeat
🇨🇭 Goths · Switzerland
1239
+13
🇨🇭 Koreans · Switzerland
1148
+17
🇩🇪 Tatars · Germany
1175
-15
🇩🇪 Bengalis · Germany
1168
-15
haidaryameen
2:27 Loom
6:44 Feudal Age
7:45 Double-Bit Axe
8:10 Horse Collar
14:36 Castle Age
13:01 Scale Barding Armor
13:47 Bloodlines
14:40 Forging
15:39 Heavy Plow
19:08 Wheelbarrow
21:17 Loom
25:40 Imperial Age
24:19 Chain Barding Armor
24:03 Silk Armor
25:29 Iron Casting
25:36 Husbandry
27:04 Plate Barding Armor
26:35 Fletching
28:10 Bodkin Arrow
28:44 Padded Archer Armor
30:02 Ballistics
29:19 Light Cavalry
31:39 Bow Saw
32:35 Bracer
36:39 Heavy Cavalry Archer
41:03 Blast Furnace
40:46 Pikeman
41:16 Elite Skirmisher
45:10 Leather Archer Armor
46:33 Conscription
FoxHound966
1:27 Loom
7:48 Feudal Age
8:40 Horse Collar
8:56 Double-Bit Axe
15:50 Castle Age
14:42 Bloodlines
14:43 Gold Mining
19:02 Scale Barding Armor
19:44 Husbandry
20:29 Chain Barding Armor
21:14 Herbal Medicine
21:55 Forging
23:26 Husbandry
30:22 Bow Saw
30:55 Wheelbarrow
30:55 Heavy Plow
34:08 Padded Archer Armor
34:56 Fletching
35:34 Bodkin Arrow
36:54 Elite Skirmisher
38:32 Leather Archer Armor
SpeedyMCLörres
8:25 Feudal Age
12:08 Castle Age
9:57 Double-Bit Axe
9:55 Horse Collar
11:31 Stone Mining
14:04 Loom
14:52 Bow Saw
14:45 Heavy Plow
19:30 Wheelbarrow
21:35 Fletching
22:46 Bodkin Arrow
24:10 Pikeman
26:40 Scale Mail Armor
34:09 Imperial Age
32:00 Hand Cart
32:57 Squires
33:08 Forging
33:15 Chain Mail Armor
34:13 Halberdier
38:25 Iron Casting
37:56 Scale Barding Armor
38:57 Bracer
40:10 Anarchy
39:32 Elite Huskarl
40:34 Conscription
42:01 Perfusion
xXMotherHunter96Xx
9:16 Feudal Age
13:39 Castle Age
11:58 Double-Bit Axe
11:54 Horse Collar
12:07 Gold Mining
12:17 Fletching
14:15 Wheelbarrow
14:09 Loom
15:39 Bodkin Arrow
20:02 Stone Mining
20:27 Bow Saw
20:57 Hand Cart
29:44 Heavy Plow
34:37 Imperial Age
33:59 Husbandry
33:20 Light Cavalry
35:33 Bracer
37:21 Scale Barding Armor
40:45 Crossbowman
41:30 Thumb Ring
41:36 Arbalester
46:39 Ballistics
47:47 Chemistry
Connection lost

Rejoining the realm…

Still unreachable

The connection could not be restored.

Session expired

The server has moved on; the page needs a fresh start.